 Dungeon Crawl Stone Soup version 0.30-a0-948-g4fa250aae5 (webtiles) character file.

Game seed: 6389995737997531084

165 DeathPants the Cutter (level 5, -13/28 HPs)
             Began as a Vine Stalker Gladiator on Mar 26, 2023.
             Killed from afar by Crazy Yiuf (14 damage)
             ... with a puff of flame
             ... on level 2 of the Dungeon.
             The game lasted 00:06:23 (1732 turns).

DeathPants the Cutter (Vine Stalker Gladiator)      Turns: 1732, Time: 00:06:24

Health: -13/28     AC:  4    Str: 17    XL:     5   Next: 46%
Magic:  0/9        EV: 12    Int: 10    God:
Gold:   36         SH:  0    Dex: 15    Spells: 8/8 levels left

rFire   . . .      SeeInvis .    a - +0 rapier
rCold   . . .      Faith    .    (no shield)
rNeg    . . .      Spirit   +    b - +0 leather armour
rPois   .          Reflect  .    c - +0 helmet
rElec   .          Rampage  .    (no cloak)
rCorr   .                        (no gloves)
Will    .....                    (no boots)
Stlth   +                        i - amulet of magic regeneration
HPRegen 1.04/turn                (no ring)
MPRegen 0.51/turn                (no ring)

@: lethally poisoned (-13 -> -20)
A: fangs 2, regeneration 1, magic shield, antimagic bite, no potion heal 2
a: no special abilities


You were on level 2 of the Dungeon.
You visited 1 branch of the dungeon, and saw 4 of its levels.

You collected 36 gold pieces.

Inventory:

Hand Weapons
 a - a +0 rapier (weapon)
Missiles
 d - 4 boomerangs (quivered)
 e - 6 javelins
Armour
 b - a +0 leather armour (worn)
 c - a +0 helmet (worn)
Jewellery
 i - an amulet of magic regeneration (around neck)
Scrolls
 j - 2 scrolls of identify
Potions
 f - a potion of mutation {unknown}
 g - a potion of cancellation
 h - a potion of magic
 k - a potion of resistance {unknown}
 l - a potion of haste {unknown}


   Skills:
 + Level 2.9 Fighting
 + Level 3.5 Short Blades
 - Level 1.7 Throwing
 + Level 3.2 Dodging
 + Level 2.1 Spellcasting


You had 8 spell levels left.
You didn't know any spells.
Your spell library was empty.

Dungeon Overview and Level Annotations

Branches:
Dungeon (4/15)
 Temple: D:4-7

Altars:

Shops:
D:2 *

Annotations:
D:2 Crazy Yiuf


Innate Abilities, Weirdness & Mutations

You have extremely sharp teeth.
Your natural rate of healing is unusually fast.
When hurt, damage is shared between your health and your magic reserves.
Your bite disrupts and absorbs the magic of your enemies.
Potions cannot restore your health.


Message History

You bite the fungus. You drain its power.
The fungus is lightly damaged.
You hit the fungus. You punch the fungus. You bite the fungus.
You drain its power.
The fungus is lightly damaged.
You hit the fungus.
The fungus is lightly damaged.
You hit the fungus.
The fungus is lightly damaged.
You hit the fungus. You bite the fungus. You drain its power.
The fungus is lightly damaged.
A nearby fungus withers and dies.
Found a hammer.
Found a runed translucent door.
Crazy Yiuf shouts!
Crazy Yiuf cries, "Iron mumblescurry high!"
You open the door.
Crazy Yiuf zaps a wand.
The puff of flame misses you.
Crazy Yiuf zaps a wand.
The puff of flame misses you.
There is an open translucent door here.
You hit Crazy Yiuf. Your bite misses Crazy Yiuf.
Crazy Yiuf is moderately wounded.
Crazy Yiuf misses you.
You barely miss Crazy Yiuf. You bite Crazy Yiuf. You drain his power.
Crazy Yiuf is heavily wounded.
Crazy Yiuf laughs, "Rot!
Mama down bush."
Crazy Yiuf hits you with a +3 quarterstaff of chaos!
You are poisoned.
You hit Crazy Yiuf.
Crazy Yiuf is severely wounded.
You feel very sick.
Crazy Yiuf zaps a wand.
The puff of flame hits you!
* * * LOW HITPOINT WARNING * * *
You hit Crazy Yiuf. You bite Crazy Yiuf, but do no damage.
Crazy Yiuf is severely wounded.
* * * LOW HITPOINT WARNING * * *
You feel very sick.
Crazy Yiuf zaps a wand.
The puff of flame hits you.
* * * LOW HITPOINT WARNING * * *
Crazy Yiuf zaps a wand.
The puff of flame hits you!
Ouch! That really hurt!
You die...

..........# #.........#
#. .######.###
#.........# #. .# #.###
#.........###. .# #...#
#######....... .# #.#.#
#(...... .# #.#.#
#....... .######.#.# ####
♣♣##....... ........#.#
#)..#♣♣ ♣♣..........
..(.....###
#..g@.♣♣♣♣.P.........
..........#
#...#♣..♣..P.........
........### ####
♣♣♣.♣.P.........
........###
♣♣♣♣♣##.......
..........# ####....
..........##### #....
..........'...# #....
..........#.### #####
<.........#.#############


You could see Crazy Yiuf.

Vanquished Creatures
  A scorpion (D:4)
  A gnoll (D:4)
  3 adders
  2 worms (D:2)
  5 dart slugs
  8 ball pythons
  3 endoplasms (D:2)
  4 giant cockroaches
  7 goblins (D:1)
  3 hobgoblins
  5 jackals
  3 quokkas
  3 bats
  3 frilled lizards
  3 kobolds (D:1)
  A rat (D:2)
55 creatures vanquished.

Vanquished Creatures (others)
  A fungus (D:2)
1 creature vanquished.

Grand Total: 56 creatures vanquished

Notes
Turn   | Place    | Note
-------+----------+-------------------------------------------
     0 | D:1      | DeathPants the Vine Stalker Gladiator began the quest for
                  | the Orb.
     0 | D:1      | Reached XP level 1. HP: 11/11 MP: 2/2
   149 | D:1      | Reached XP level 2. HP: 7/15 MP: 1/3
   378 | D:1      | Found a faded altar of an unknown god.
   385 | D:1      | Reached skill level 1 in Spellcasting
   447 | D:2      | Reached XP level 3. HP: 18/18 MP: 5/5
   447 | D:2      | You fall into a shaft and drop 2 floors!
   457 | D:4      | Noticed a scorpion
   493 | D:4      | Killed a scorpion
   494 | D:4      | Gained mutation: Your natural rate of healing is unusually
                  | fast. [Vine Stalker growth]
   494 | D:4      | Reached XP level 4. HP: 3/23 MP: 1/7
   496 | D:4      | HP: 1/23 [gnoll/+0 halberd (5)]
   555 | D:2      | Found Sebbihar's General Store.
   558 | D:2      | Reached XP level 5. HP: 18/27 MP: 4/8
  1723 | D:2      | Found a runed translucent door.
  1724 | D:2      | Noticed Crazy Yiuf
  1732 | D:2      | HP: 1/28 [Crazy Yiuf/puff of flame (2)]
  1732 | D:2      | Killed from afar by Crazy Yiuf

Illustrated notes

Levels and vault maps discovered:
D:1:      mainiacjoe_arrival_reflecting_pool, layout_rooms,
          shapermc_ecumenical_altar_venn, minivault_25,
          chequers_serial_rivers_micro_a, hangedman_decor_points, minmay_cut_off
D:2:      layout_basic, serial_shops, shop, uniq_crazy_yiuf_cottage
D:3:      layout_basic, amcnicky_mini_corridor_feature, uniq_ijyb, uniq_natasha
D:4:      layout_layer_cave

Skill      XL: |  1  2  3  4  5 |
---------------+----------------+-----
Fighting       | 2 |  2.9
Spellcasting   | 1 2 |  2.1
Short Blades   | 3 |  3.5
Dodging        | 3 |  3.2
Throwing       | |  1.7

Action                     |  1- 3 |  4- 6 || total
---------------------------+-------+-------++-------
  Melee: Rapier            |    79 |   102 ||   181
         Bite              |    21 |    40 ||    61
         Punch             |     2 |     1 ||     3
  Throw: Throwing net      |     3 |       ||     3
    Use: Scroll            |     3 |     4 ||     7
         Potion            |     1 |       ||     1
 Armour: Leather armour    |    14 |    25 ||    39
  Dodge: Dodged            |    60 |    75 ||   135

Table legend: (Time is in decaauts)
 A = Elapsed time spent in this place.
 B = Non-inter-level travel time spent in this place.
 C = Inter-level travel time spent in this place.
 D = Time resting spent in this place.
 E = Time spent auto-exploring this place.
 F = Levels seen in this place.
 G = Mean time per level.
                   A        B        C        D        E       F      G
               +--------+--------+--------+--------+--------+-----+--------+
         Total |   1739 |   1695 |     44 |     28 |   1030 |   4 |  434.8 |
       Dungeon |   1739 |   1695 |     44 |     28 |   1030 |   4 |  434.8 |
               +--------+--------+--------+--------+--------+-----+--------+

Top non-repeatable levels by time:
     D:1: 854 daAuts
     D:2: 772 daAuts
     D:4: 69 daAuts
     D:3: 42 daAuts
